Map: Orbital Shipyard

Players

ImportMesh

  • Race: Terran Terran
  • League: Diamond

LilDicky - Winner!

  • Race: Terran Terran
  • League: Diamond

VOD

http://www.twitch.tv/tumescentpie

Description

Time

  • Played on: Dec. 6, 2015, 10:20 p.m.
  • Length: 15:21
Show
View Real Time Build Order
Export as new Build Order

ImportMesh Terran 

Build Orders: Bio Tank, MMM Bio 

Get SALT Encoding   

  12  0:01  SCV  
  13  0:13  SCV  
  14  0:17  Supply Depot  
  14  0:25  SCV  
  15  0:39  SCV  
  15  0:41  Barracks  
  16  0:51  SCV  
  17  1:03  SCV  
  18  1:15  SCV  
  19  1:24  Command Center  
  19  1:29  Marine  
  20  1:34  Orbital Command  
  20  1:42  Supply Depot  
  20  1:48  Marine  
  21  2:00  Barracks  
  21  2:02  SCV  
  21  2:08  Marine  
  23  2:17  SCV  
  23  2:28  Barracks  
  23  2:30  Supply Depot, Refinery  
  23  2:31  Refinery, Marine  
  24  2:38  SCV  
  24  2:41  Orbital Command  
  25  2:49  Marine  
  25  2:50  Marine  
  27  3:05  SCV  
  28  3:07  Marine  
  28  3:08  Marine  
  30  3:14  SCV  
  30  3:17  Marine  
  32  3:21  Engineering Bay  
  32  3:22  SCV  
  32  3:26  Marine x2  
  35  3:28  SCV, Factory  
  36  3:34  SCV  
  36  3:38  Marine  
  36  3:41  SCV  
  39  3:45  Marine  
  39  3:46  SCV, Marine  
  42  3:53  SCV  
  42  3:54  Terran Infantry Weapons Level 1  
  43  3:56  Marine  
  43  3:57  Missile Turret  
  43  3:59  Missile Turret  
  43  4:00  SCV  
  45  4:05  SCV  
  45  4:07  Marine  
  45  4:08  Barracks Tech Lab  
  47  4:12  SCV  
  47  4:16  Starport  
  48  4:17  Factory Reactor  
  48  4:18  SCV  
  48  4:20  Marine  
  50  4:31  SCV  
  50  4:32  SCV, Marine  
  50  4:33  Marine  
  50  4:34  Stimpack  
  54  4:39  Supply Depot  
  54  4:41  Supply Depot, Refinery  
  53  4:59  SCV  
  54  5:01  Missile Turret  
  54  5:02  Barracks  
  54  5:03  Marine x3  
  54  5:04  Viking  
  54  5:05  Medivac  
  60  5:12  SCV  
  60  5:13  Refinery  
  61  5:15  Factory Tech Lab  
  61  5:21  Marine  
  62  5:22  SCV  
  63  5:28  Supply Depot x2  
  63  5:29  Marine x2  
  64  5:38  Siege Tank  
  64  5:39  Medivac  
  69  5:44  SCV  
  70  5:50  SCV  
  70  5:53  Barracks Reactor  
  71  6:03  Marine x3  
  74  6:06  SCV x2  
  74  6:10  Terran Infantry Armor Level 1  
  76  6:13  Command Center, Siege Tank  
  77  6:26  Marine x3  
  77  6:28  SCV x2  
  82  6:44  Medivac, Marine x2  
  86  6:56  SCV  
  86  7:02  Marine  
  86  7:08  Viking, Marine  
  86  7:09  SCV  
  86  7:11  Siege Tank  
  83  7:16  Marine  
  83  7:17  Medivac  
  83  7:19  Combat Shields  
  86  7:26  Supply Depot  
  86  7:28  Command Center  
  86  7:42  Barracks Tech Lab, Barracks x2  
  86  7:43  Barracks Tech Lab, Missile Turret  
  86  7:44  Missile Turret  
  86  7:48  SCV x2, Marauder, Marine  
  86  7:50  Engineering Bay  
  91  7:51  Armory  
  91  7:53  Siege Tank  
  91  7:54  Missile Turret  
  94  8:04  Supply Depot  
  94  8:09  Supply Depot  
  94  8:25  Viking, Marine  
  94  8:26  Marauder x2  
  101  8:27  SCV  
  101  8:30  SCV  
  101  8:31  Marauder  
  94  9:05  Marauder x3  
  94  9:06  Barracks Reactor  
  94  9:07  Barracks Reactor  
  100  9:10  Marine  
  100  9:11  Siege Tank, Medivac  
  100  9:12  Medivac  
  100  9:15  Orbital Command  
  108  9:18  Supply Depot  
  108  9:27  Marauder  
  105  9:35  Marine, Marauder x2  
  110  9:48  Marauder  
  109  9:53  Marine  
  109  9:55  Orbital Command  
  109  9:57  Marauder x2  
  109  9:59  SCV x2  
  116  10:02  Marine x3  
  119  10:09  Marauder  
  119  10:10  Terran Infantry Weapons Level 2, Terran Infantry Armor Level 2  
  121  10:18  Marauder  
  123  10:26  Marine x4, Medivac x2  
  123  10:27  Marine x2  
  133  10:30  Marine  
  133  10:50  Supply Depot  
  133  10:51  Supply Depot  
  133  11:11  Marine  
  133  11:12  SCV x2, Marauder x3  
  138  11:25  Marine x4  
  137  11:26  SCV  
  137  11:27  SCV  
  137  11:33  Marauder x3  
  137  11:35  Siege Tank  
  137  11:36  Viking  
  148  11:43  Viking  
  140  11:55  Marauder x3  
  146  12:07  SCV x2, Marine  
  149  12:12  Supply Depot  
  149  12:13  Supply Depot  
  149  12:14  Supply Depot  
  149  12:17  Marauder  
  149  12:19  Marauder  
  149  12:33  Marine  
  149  12:34  Marauder, Marine x2  
  142  12:39  Marauder  
  142  12:40  Marauder  
  142  12:41  Marine x2  
  147  12:45  Siege Tank  
  150  12:55  Marauder  
  149  13:00  Marauder  
  149  13:02  Marauder  
  142  13:17  Marauder  
  144  13:21  Marauder  
  144  13:23  Marauder  
  144  13:24  Orbital Command  
  146  13:29  Orbital Command  
  146  13:37  Missile Turret, Marine x2  
  146  13:38  Marauder, Marine x2  
  146  13:40  Missile Turret  
  152  13:43  Marauder  
  155  13:58  SCV x2  
  155  13:59  Missile Turret  
  155  14:02  Missile Turret  
  153  14:13  Marine x3  
  153  14:14  Marine x4  
  152  14:23  Marine  
  148  14:24  Viking x2  
  94  15:01  Marine x5  
  86  15:12  Starport  
  86  15:14  Starport  
  86  15:17  Refinery  
  86  15:19  Refinery  
Show
View Real Time Build Order
Export as new Build Order

LilDicky Terran - Winner!

Build Orders: Mech, Banshee Rush 

Get SALT Encoding   

  12  0:01  SCV  
  13  0:13  SCV  
  14  0:18  Supply Depot  
  14  0:25  SCV  
  15  0:30  Refinery  
  15  0:40  SCV  
  16  0:47  Barracks  
  16  0:52  SCV  
  17  1:04  SCV  
  18  1:16  SCV  
  19  1:34  Supply Depot, Orbital Command  
  19  1:36  Reaper  
  20  2:00  SCV  
  21  2:04  Command Center  
  21  2:07  Refinery  
  21  2:13  SCV  
  21  2:14  Marine  
  23  2:23  Factory  
  23  2:28  SCV  
  24  2:39  Marine  
  24  2:40  SCV  
  26  2:52  SCV  
  26  2:56  Marine  
  28  3:04  SCV  
  29  3:12  Factory Tech Lab, Starport  
  29  3:16  SCV  
  29  3:18  Orbital Command  
  29  3:19  Marine  
  31  3:28  SCV  
  32  3:37  Marine  
  32  3:51  SCV  
  32  3:52  SCV  
  32  3:54  Engineering Bay  
  34  3:56  Banshee, Cloaking Field  
  34  3:59  Command Center, Factory Tech Lab  
  37  4:03  SCV  
  37  4:06  SCV, Refinery  
  39  4:11  Marine  
  39  4:15  SCV  
  41  4:18  SCV  
  41  4:19  Siege Tank  
  45  4:28  SCV, Missile Turret  
  46  4:37  Supply Depot  
  46  4:58  Banshee, SCV x2, Marine  
  52  5:10  SCV  
  52  5:12  SCV  
  55  5:16  Marine  
  55  5:19  Siege Tank  
  58  5:22  SCV  
  59  5:29  Refinery  
  59  5:31  Command Center  
  59  5:33  Missile Turret  
  59  5:34  Marine  
  60  5:41  Banshee, SCV  
  61  5:43  SCV, Factory  
  61  5:44  Factory  
  61  5:45  Orbital Command  
  62  5:51  Siege Tank  
  62  5:53  SCV, Marine  
  67  6:04  SCV, Missile Turret  
  67  6:05  SCV  
  69  6:42  SCV x3, Siege Tank  
  69  6:43  Planetary Fortress  
  75  6:48  Missile Turret  
  75  6:51  Factory Tech Lab x2  
  75  6:54  SCV x3  
  75  6:56  Refinery  
  75  6:57  Refinery  
  77  7:06  SCV  
  73  7:25  Missile Turret  
  73  7:27  Missile Turret  
  73  7:30  Missile Turret  
  73  7:31  Missile Turret  
  73  7:33  SCV  
  73  7:35  Factory Reactor x2  
  74  7:38  Refinery  
  74  7:40  SCV x2  
  74  7:41  Factory  
  74  7:42  Factory  
  76  7:48  Missile Turret x2  
  76  7:50  Missile Turret  
  76  8:00  SCV x4  
  80  8:12  SCV x3  
  83  8:13  SCV  
  84  8:20  Missile Turret  
  84  8:21  Missile Turret x4  
  84  8:22  Command Center  
  84  8:23  Missile Turret  
  82  8:34  SCV  
  80  8:46  SCV  
  80  8:47  Banshee  
  84  8:59  SCV  
  82  9:05  Hellion  
  82  9:06  Factory Tech Lab  
  83  9:13  Factory Tech Lab, Starport  
  83  9:14  Hellion, Starport  
  84  9:26  Command Center  
  84  9:33  SCV x2  
  84  9:34  Banshee  
  89  9:44  Missile Turret  
  89  9:46  Missile Turret  
  89  9:48  Refinery  
  85  9:57  Hellion x2  
  85  9:58  Hellion x3  
  95  10:01  Siege Tank  
  98  10:10  Viking x2  
  98  10:11  Siege Tank  
  98  10:13  Supply Depot  
  105  10:14  Supply Depot  
  105  10:17  Viking, Missile Turret x2  
  105  10:19  Siege Tank  
  105  10:31  Hellion x2  
  105  10:32  Hellion  
  105  10:33  Siege Tank  
  110  10:39  Planetary Fortress  
  110  10:40  Missile Turret  
  110  10:41  Missile Turret  
  110  10:43  Siege Tank  
  110  10:46  Viking  
  110  10:47  Viking x2  
  115  11:30  Marine  
  103  11:48  Marine  
  104  11:56  Banshee  
  104  11:57  Starport Tech Lab  
  104  12:00  SCV x2  
  109  12:05  Starport Tech Lab  
  109  12:07  Supply Depot  
  109  12:08  Supply Depot  
  109  12:09  Missile Turret x2  
  109  12:22  Command Center  
  109  12:27  SCV x2  
  110  12:32  Banshee x2  
  110  12:34  SCV  
  117  12:37  Fusion Core  
  117  12:39  Banshee  
  117  12:41  Armory x2  
  115  13:12  Missile Turret  
  115  13:13  Missile Turret  
  115  13:15  Banshee x2, Missile Turret  
  121  13:27  Banshee  
  120  13:30  Command Center  
  123  13:37  Refinery  
  123  13:56  Refinery  
  123  13:58  Banshee x2  
  123  14:01  Planetary Fortress  
  129  14:05  Hellion x5, Siege Tank  
  129  14:07  Supply Depot  
  129  14:08  Supply Depot x2  
  129  14:09  Banshee  
  142  14:15  Siege Tank  
  142  14:27  Siege Tank  
  139  14:44  Orbital Command  
Tags
 
Add a new tag
Caveats
  • Supply blocks, unpowered buildings, or Contaminate may cause inaccurate times.
  • Supply counts are checked every 10 seconds.